 Dungeon Crawl Stone Soup version 0.19-a0-45-g2c295ea (webtiles) character file.

4235 Kenran the Basher (level 10, -8/79 (83) HPs)
             Began as a Minotaur Chaos Knight on May 5, 2016.
             Killed from afar by an electric eel (10 damage)
             ... with a bolt of electricity
             ... on level 9 of the Dungeon.
             The game lasted 00:22:59 (8505 turns).

Kenran the Basher (Minotaur Chaos Knight)           Turns: 8505, Time: 00:23:00

HP:   -8/79 (83)    AC: 13    Str: 21    XL:     10   Next: 9%
MP:   9/9           EV:  2    Int:  9    God:    Xom [.*....]
Gold: 450           SH: 15    Dex:  9    Spells: 0 memorised, 9 levels left

rFire  . . .     SeeInvis .     s - +3 whip (drain)
rCold  . . .     Gourm    .     O - +0 plate armour
rNeg   + . .     Faith    .     v - +0 large shield
rPois  .         Spirit   .     (helmet restricted)
rElec  .         Dismiss  .     L - +0 cloak
rCorr  .         Reflect  .     z - +0 pair of gloves (curse)
SustAt .         Harm     .     (no boots)
MR     .....                    (no amulet)
Stlth  ..........               (no ring)
                                n - ring of positive energy

@: not resistant to hostile enchantments, extremely unstealthy
A: retaliatory headbutt, horns 2
a: Renounce Religion


You were on level 9 of the Dungeon.
You worshipped Xom.
You were a plaything of Xom.
You were not hungry.

You visited 1 branch of the dungeon, and saw 9 of its levels.

You collected 450 gold pieces.

Inventory:

Hand Weapons
 s - a +3 whip of draining (weapon)
Armour
 v - a +0 large shield (worn)
 z - a cursed +0 pair of gloves (worn)
 L - a +0 cloak (worn)
 O - a +0 plate armour (worn)
Jewellery
 n - a ring of positive energy (left hand)
 C - an uncursed ring of fire {unknown}
Wands
 a - a wand of flame (33/48)
 y - a wand of random effects (23/48)
 B - a wand of iceblast (3/15)
 M - a wand of lightning (11/15)
 N - a wand of lightning (7/15)
Scrolls
 b - a scroll of amnesia {unknown}
 f - 6 scrolls of identify
 h - a scroll of immolation {unknown}
 i - 2 scrolls of fog {unknown}
 l - 6 scrolls of teleportation {unknown}
 m - 7 scrolls of remove curse {unknown}
 q - a scroll of noise {unknown}
 r - 2 scrolls of magic mapping {unknown}
 u - 2 scrolls of enchant armour {unknown}
 w - 4 scrolls of blinking {unknown}
 D - a scroll of recharging {unknown}
 E - a scroll of torment {unknown}
 H - 2 scrolls of vulnerability {unknown}
 I - a scroll of random uselessness {unknown}
Potions
 d - a potion of ambrosia {unknown}
 e - 2 potions of invisibility {unknown}
 k - 2 potions of magic {unknown}
 o - a potion of agility {unknown}
 p - 4 potions of curing
 t - a potion of resistance {unknown}
 x - 2 potions of might {unknown}
 A - 2 potions of lignification {unknown}
 J - a potion of heal wounds {unknown}
 P - a potion of degeneration {unknown}
Books
 K - a book of Maledictions

   Spells                             Type                      Level
   a - Corona                         Hexes                        1
   b - Ensorcelled Hibernation        Hexes/Ice                    2
   c - Confuse                        Hexes                        3
   d - Tukima's Dance                 Hexes                        3
   e - Dazzling Spray                 Conjuration/Hexes            3
Comestibles
 c - 12 bread rations
 g - 7 meat rations
 j - 8 beef jerkies
 G - 2 royal jellies


   Skills:
 + Level 6.3 Fighting
 - Level 14.6 Maces & Flails
 - Level 2.4 Armour
 - Level 1.1 Dodging
 - Level 7.2 Shields


You had 9 spell levels left.
You didn't know any spells.

Dungeon Overview and Level Annotations

Branches:
Dungeon (9/15)             Temple (0/1) D:7            Lair (0/8) D:9
    Orc: D:9-12

Altars:
Ashenzari
Cheibriados
Gozag
Kikubaaqudgha
Makhleb
Okawaru
Pakellas
Qazlal
Sif Muna
Vehumet
Xom
Zin
The Shining One

Shops:
D:5 (   D:6 %


Innate Abilities, Weirdness & Mutations

You reflexively headbutt those who attack you in melee.
You have a pair of horns on your head.


Message History

The electric eel is severely wounded.
The electric eel shoots out a bolt of lightning at you!
The bolt of electricity hits you!
* * * LOW HITPOINT WARNING * * *
The bolt of electricity hits you!
* * * LOW HITPOINT WARNING * * *
The bolt of electricity hits the electric eel.
The electric eel completely resists.
You closely miss the electric eel. You headbutt the electric eel.
The electric eel is almost dead.
You miss the electric eel. Your headbutt misses the electric eel.
The electric eel is almost dead.
You miss the electric eel.
The electric eel is almost dead.
The electric eel shoots out a bolt of lightning at you!
The bolt of electricity hits you!
* * * LOW HITPOINT WARNING * * *
Xom thinks this is hilarious!
The bolt of electricity hits you!
You die...

#<#........≈≈≈≈≈≈. ..$≈≈≈.≈
#...........$...... .>..≈≈≈≈
#.##.._....≈≈≈≈≈≈......≈≈≈≈≈
#.#######..≈≈≈≈≈≈≈≈≈..≈.≈≈≈≈
#.# #...≈≈≈≈.≈≈≈≈≈≈≈≈≈≈. #.#
#...≈≈≈.≈≈≈≈≈≈≈≈.≈≈≈ ###
#...≈≈..≈≈≈≈≈≈≈≈≈... .
#..;.≈....≈≈≈≈≈≈≈... #.##
#..@.......≈≈≈≈≈≈... #..#
#..########......... #..#
#.## ##........ #..###.#
#......>. #.....# ##.......
###.#### ##^......#
##...#### #........#
#......### #........#
##.......###........#


You could see an electric eel.

Vanquished Creatures
  A gargoyle (D:7)
  2 trolls (D:9)
  A two-headed ogre (D:9)
  A wyvern (D:8)
  A black bear (D:6)
  An ice beast (D:7)
  2 phantoms
  5 ogres
  A necrophage (D:8)
  4 wolves (D:9)
  4 centaurs
  5 giant frogs
  4 scorpions
  5 wights (D:9)
  A howler monkey (D:5)
  A vampire bat (D:3)
  An electric eel (D:9)
  4 crimson imps
  2 hounds (D:9)
  A quasit (D:9)
  A centaur skeleton (D:7)
  3 orc wizards
  An iron imp (D:9)
  4 worker ants
  A killer bee zombie (D:5)
  2 hound skeletons
  2 worker ant zombies
  8 adders
  3 shadow imps
  2 adder zombies (D:8)
  3 worms
  A dart slug (D:2)
  3 fire bats (D:3)
  2 giant geckos (D:4)
  29 orcs
  2 spectral bats (D:3)
  3 bat skeletons (D:3)
  A bat zombie (D:3)
  6 giant cockroaches
  7 goblins
  10 hobgoblins
  10 jackals
  7 kobolds
  3 quokkas
  16 bats
  A bat simulacrum (D:3)
  A giant newt (D:6)
  2 goblin skeletons (D:9)
  2 goblin zombies (D:9)
  A hobgoblin zombie (D:9)
  2 orc skeletons (D:9)
  An orc zombie (D:9)
  2 rats (D:1)
189 creatures vanquished.

Vanquished Creatures (collateral kills)
  A crimson imp (D:7)
1 creature vanquished.

Vanquished Creatures (others)
  A fire vortex (D:7)
1 creature vanquished.

Grand Total: 191 creatures vanquished

Notes
Turn   | Place    | Note
--------------------------------------------------------------
     0 | D:1      | Kenran the Minotaur Chaos Knight began the quest for the Orb.
     0 | D:1      | Reached XP level 1. HP: 19/19 MP: 0/0
    52 | D:1      | XOM: divination: magic mapping
    73 | D:1      | Reached skill level 4 in Maces & Flails
   174 | D:1      | Reached XP level 2. HP: 24/26 MP: 1/1
   409 | D:1      | XOM: divination: detect creatures
   448 | D:1      | Reached skill level 5 in Maces & Flails
   719 | D:2      | Reached XP level 3. HP: 31/31 MP: 2/2
   748 | D:2      | Found an ancient bone altar of Kikubaaqudgha.
   884 | D:2      | Found a snail-covered altar of Cheibriados.
   923 | D:2      | XOM: harmless Tloc miscast
   996 | D:2      | Found an iron altar of Okawaru.
  1099 | D:2      | XOM: vitrification
  1204 | D:2      | Found a burning altar of Makhleb.
  1205 | D:2      | Found a radiant altar of Vehumet.
  1229 | D:2      | XOM: vitrification
  1376 | D:3      | Reached XP level 4. HP: 33/39 MP: 3/3
  1467 | D:3      | Reached skill level 6 in Maces & Flails
  1726 | D:3      | Found a faded altar to an unknown god.
  1729 | D:3      | Noticed a phantom
  1732 | D:3      | XOM: potion effect (berserk rage)
  1733 | D:3      | XOM: swap monsters
  1738 | D:3      | Killed a phantom
  1738 | D:3      | Reached skill level 7 in Maces & Flails
  1738 | D:3      | Reached XP level 5. HP: 45/45 MP: 4/4
  1838 | D:3      | XOM: mild Hex miscast
  2011 | D:3      | Reached skill level 8 in Maces & Flails
  2092 | D:3      | Reached XP level 6. HP: 50/51 MP: 5/5
  2425 | D:4      | Reached skill level 1 in Shields
  2437 | D:4      | XOM is BORED!
  2437 | D:4      | XOM: 4-stop teleportation journey
  2511 | D:4      | XOM: summons 2 hostile shadow creatures
  3182 | D:5      | Entered Level 5 of the Dungeon
  3210 | D:5      | Found Ihimucvi's Weapon Emporium.
  3294 | D:5      | XOM: confuse monster(s)
  3318 | D:5      | Reached XP level 7. HP: 54/57 MP: 6/6
  3401 | D:5      | Reached skill level 5 in Shields
  3435 | D:5      | XOM: cast spell 'Death Channel'
  3441 | D:5      | XOM: cast spell 'Shadow Creatures'
  3450 | D:5      | XOM: god gift: 4 needles of confusion
  3584 | D:5      | Found a glowing silver altar of Zin.
  3649 | D:5      | XOM is BORED!
  3700 | D:5      | XOM: vitrification
  3748 | D:5      | Found a shimmering altar of Xom.
  3859 | D:5      | XOM: fog
  3995 | D:5      | XOM: harmless Tloc miscast
  4081 | D:6      | XOM: cast spell 'Summon Mana Viper'
  4129 | D:6      | Found Inumao Vixke's Food Shop.
  4170 | D:6      | XOM: silly message
  4195 | D:6      | XOM: harmless Trmt miscast
  4404 | D:6      | Found an oddly glowing altar of Pakellas.
  4454 | D:6      | Reached skill level 9 in Maces & Flails
  4482 | D:6      | Reached XP level 8. HP: 64/64 MP: 7/7
  4612 | D:6      | Found a stormy altar of Qazlal.
  4813 | D:6      | XOM: harmless Hex miscast
  4829 | D:6      | XOM: silly message
  4892 | D:6      | XOM: cast spell 'Statue Form'
  4979 | D:6      | Reached skill level 10 in Maces & Flails
  5098 | D:7      | Found a shattered altar of Ashenzari.
  5147 | D:7      | XOM: mild Necr miscast
  5344 | D:7      | Found a deep blue altar of Sif Muna.
  5443 | D:7      | XOM: colour smoke trail
  5519 | D:7      | XOM: cast spell 'Summon Ice Beast'
  5527 | D:7      | XOM: mild Necr miscast
  5529 | D:7      | Reached skill level 11 in Maces & Flails
  5539 | D:7      | XOM: harmless Summ miscast
  5620 | D:7      | XOM: mild Fire miscast
  5785 | D:7      | Found a staircase to the Ecumenical Temple.
  5828 | D:7      | Noticed a gargoyle
  5839 | D:7      | XOM: swap monsters
  5850 | D:7      | Killed a gargoyle
  5850 | D:7      | Reached skill level 12 in Maces & Flails
  5850 | D:7      | Reached XP level 9. HP: 56/68 MP: 8/8
  6496 | D:8      | XOM: mild Necr miscast
  6620 | D:9      | Reached skill level 13 in Maces & Flails
  6627 | D:9      | Noticed a troll
  6636 | D:9      | XOM: god gift: ring of positive energy {god gift}
  6643 | D:9      | Killed a troll
  6648 | D:9      | XOM: confuse monster(s)
  6826 | D:8      | XOM: cast spell 'Cause Fear'
  6904 | D:9      | XOM: fog
  6915 | D:9      | XOM: scenery: create altars
  6935 | D:9      | XOM: enchant monster (good)
  6942 | D:9      | Reached skill level 14 in Maces & Flails
  7145 | D:8      | XOM: vitrification
  7303 | D:8      | XOM: god gift: brass wand {god gift}
  7355 | D:9      | Noticed a troll
  7359 | D:9      | XOM: scenery: create altars
  7371 | D:9      | Killed a troll
  7529 | D:9      | XOM: 1-stop teleportation journey
  7736 | D:9      | Reached skill level 5 in Fighting
  7757 | D:9      | Found a glowing golden altar of the Shining One.
  7785 | D:9      | XOM: noise
  7809 | D:9      | Reached XP level 10. HP: 77/77 MP: 9/9
  7905 | D:9      | Found an opulent altar of Gozag.
  7936 | D:9      | XOM: smoke on damage
  8048 | D:9      | XOM: silly message
  8186 | D:9      | XOM: colour smoke trail
  8224 | D:9      | Found a staircase to the Lair.
  8224 | D:9      | XOM: 5-stop teleportation journey
  8505 | D:9      | HP: 2/79 [electric eel/bolt of electricity (7)]
  8505 | D:9      | Killed from afar by an electric eel

Vault maps used:
D:1:      minmay_arrival_plants_in_alcoves, hangedman_abyss_or_decor_stabs,
          minmay_fountain_box
D:2:      lemuel_crystal_altar, kennysheep_okawaru_gauntlet,
          kennysheep_slug_shrine, gammafunk_temple_overflow_statue, first_bread
D:3:      ecumenical_altar_1, goddamned_bats
D:5:      nicolae_overflow_hidden_temple, serial_shops, shop, basic_altar,
          kennysheep_generic_room_12
D:6:      overflow_temple_1_default, grunt_pakellas_sulfur, serial_shops, shop
D:7:      cheibrodos_ashenzari_chains, marbit_many_paths,
          minmay_temple_entry_fiery, st_stairs_8
D:8:      serial_shops, shop, lightli_church_of_beogh
D:9:      nicolae_tso_besieged_by_evil, grunt_gozag_statues, erik_lair_island,
          grunt_ogre_cave

Skill      XL: |  1  2  3  4  5  6  7  8  9 10 |
---------------+-------------------------------+-----
Maces & Flails | 4 5 7 8 9 12 14 | 14.6
Shields        | 4 7 |  7.2
Fighting       | 5 6 |  6.3
Armour         | |  2.4
Dodging        | |  1.1

Action                   |  1- 3 |  4- 6 |  7- 9 | 10-12 || total
-------------------------+-------+-------+-------+-------++-------
Melee: Mace              |    74 |    10 |       |       ||    84
       Headbutt          |     8 |    28 |    55 |    11 ||   102
       Whip              |       |   142 |   376 |    43 ||   561
  Use: Scroll            |       |     1 |       |       ||     1
 Stab: Petrifying        |     2 |       |     1 |       ||     3
       Confused          |       |     2 |     1 |       ||     3
  Eat: Chunk             |     1 |     5 |    11 |     2 ||    19
       Fruit             |       |     3 |     2 |       ||     5
       Pizza             |       |       |     1 |       ||     1
Armor: Leather armour    |    35 |    36 |       |       ||    71
       Scale mail        |       |     4 |    29 |       ||    33
       Plate armour      |       |       |    45 |     5 ||    50
Dodge: Dodged            |    53 |    57 |    26 |       ||   136
Block: Large shield      |       |    28 |   213 |    11 ||   252
